[Event "The Schackveckan 2023: Göteborg open"]
[Site "Göteborgs schackcentrum, Vegagatan 20, Gothenburg, Sweden"]
[Date "2023.08.12"]
[Round "5.17"]
[White "Imani Lasaki, Hamed"]
[Black "Kosmidis, Thomas"]
[Result "0-1"]
[TimeControl "15 minutes + 5 seconds per move from move one (Round 1 - 4) / 90 minutes + 30 seconds per move from move one (Round 5 - 8)"]
[WhiteFideId "1766970"]
[BlackFideId "1753380"]
[WhiteElo "1624"]
[BlackElo "1721"]

1. e4 c6 2. Nc3 d5 3. exd5 cxd5 4. d4 Nc6 5. Nf3 Bg4 6. Be2 e6 7. h3 Bh5 8. a3 Bd6 9. Be3 Nf6 10.
Nb5 Bb8 11. c4 a6 12. Nc3 Ba7 13. cxd5 Nxd5 14. Nxd5 Qxd5 15. Rc1 O-O 16. Bc4 Qd6 17. Qd2 Bxf3 18. gxf3 Nxd4 19. Be2 Rfd8 20.
Rg1 g6 21. Bh6 Qh2 22. Kf1 Nf5 23. Rg2 Qh1+ 24. Rg1 Qxh3+ 25. Ke1 Rxd2 26. Bxd2 Qh2 27. Rf1 Qe5 28. Bc3 Bd4 29. Rg1 Bxc3+ 30. Rxc3 Rd8 31. Rg4 Qh2 32. Bf1 Qd6 33. Rd3 Qb8 34. Rb4 Rxd3 35. Bxd3 Qc7 36. Rc4 Qa5+ 37. Kf1 Qd2 38. Bxf5 exf5 39.
Rb4 b5 40. Kg2 h5 41. Kg3 Kg7 42. f4 Qe2 43. Rb3 Qg4+ 44. Kh2 Qxf4+ 45. Kg2 g5 46. Rf3 Qe4 0-1

[Event "The Schackveckan 2023: Göteborg open"]
[Site "Göteborgs schackcentrum, Vegagatan 20, Gothenburg, Sweden"]
[Date "2023.08.12"]
[Round "6.1"]
[White "Ustianovich, Nazar"]
[Black "Hector, Jonny"]
[Result "1/2-1/2"]
[TimeControl "15 minutes + 5 seconds per move from move one (Round 1 - 4) / 90 minutes + 30 seconds per move from move one (Round 5 - 8)"]
[WhiteTitle "FM"]
[BlackTitle "GM"]
[WhiteFideId "14109778"]
[BlackFideId "1700090"]
[WhiteElo "2314"]
[BlackElo "2466"]

1. d4 d5 2. Nf3 Nf6 3. c4 c6 4. Nc3 dxc4 5. a4 Bf5 6. Ne5 Nbd7 7. Nxc4 Qc7 8. g3 e5 9. dxe5 Nxe5 10.
Bf4 Nfd7 11. Bg2 Be7 12. Qd4 f6 13. Rc1 Bc5 14. Bxe5 fxe5 15. Qh4 Be7 16. Qh5+ g6 17. Qh6 Be6 18.
Nd2 Nf6 19. Nde4 O-O-O 20. Nxf6 Bxf6 21. Bh3 Qe7 22. O-O Kb8 23. Bxe6 Qxe6 24. Ne4 Be7 25. Nc5 Qf5 26. Qg7 Bxc5 27.
Rxc5 Rhe8 28. b4 Rd7 29. Qh6 Qe4 30. Qh3 Ree7 31. b5 cxb5 32. Rfc1 a6 33. axb5 axb5 34. Qf1 Rc7 35. Rxb5 Rxc1 36.
Qxc1 Qxe2 37. Qc5 Qd1+ 38. Kg2 Qd7 39. Ra5 Qc6+ 40. Qxc6 bxc6 41. Kf3 Kb7 42. Ke4 Kb6 43. Rxe5 Rd7 44.
h4 c5 45. h5 c4 46. hxg6 hxg6 47. Re8 Kc5 48. Rc8+ Kb4 49. f4 Rd1 50. g4 c3 51. Ke5 Rf1 52. g5 Kb3 53. Rb8+ Kc4 54.
Rc8+ Kd3 55. Rd8+ Ke2 56. Rc8 Rf3 57. Kf6 Rxf4+ 58. Kxg6 Kd3 59. Kh5 Rf5 60. Kh6 c2 61. g6 Rf1 62.
Rxc2 Kxc2 63. g7 Rg1 64. Kh7 Rxg7+ 65. Kxg7 1/2-1/2

[Event "The Schackveckan 2023: Göteborg open"]
[Site "Göteborgs schackcentrum, Vegagatan 20, Gothenburg, Sweden"]
[Date "2023.08.12"]
[Round "6.3"]
[White "Degerfeldt, Sven"]
[Black "Bengtsson, Siv"]
[Result "1/2-1/2"]
[TimeControl "15 minutes + 5 seconds per move from move one (Round 1 - 4) / 90 minutes + 30 seconds per move from move one (Round 5 - 8)"]
[WhiteFideId "1717430"]
[BlackFideId "1701673"]
[WhiteElo "1821"]
[BlackElo "2010"]

1. d4 Nf6 2. c4 e6 3. Nc3 Bb4 4. e3 b6 5. Nf3 Bb7 6. Be2 O-O 7. Bd2 d5 8. a3 Be7 9. O-O Nbd7 10.
Rc1 c5 11. cxd5 cxd4 12. Nxd4 Nxd5 13. Nxd5 Bxd5 14. Bf3 Ne5 15. Bxd5 Qxd5 16. Qe2 Rac8 17. Bc3 Rfd8 18. Rfd1 Qc4 19.
Qd2 Qa4 20. Qe1 Bf6 21. f4 Ng6 22. g3 h6 23. Qe2 Ne7 24. Qb5 Qxb5 25. Nxb5 Bxc3 26. Nxc3 1/2-1/2

[Event "The Schackveckan 2023: Göteborg open"]
[Site "Göteborgs schackcentrum, Vegagatan 20, Gothenburg, Sweden"]
[Date "2023.08.12"]
[Round "6.4"]
[White "Krantz, Martin"]
[Black "Sandberg, Lucas"]
[Result "1-0"]
[TimeControl "15 minutes + 5 seconds per move from move one (Round 1 - 4) / 90 minutes + 30 seconds per move from move one (Round 5 - 8)"]
[WhiteFideId "1724100"]
[BlackFideId "1773712"]
[WhiteElo "2000"]
[BlackElo "1311"]

1. d4 Nf6 2. Bf4 d5 3. e3 c5 4. Nd2 Nc6 5. c3 cxd4 6. exd4 g6 7. Bd3 Bg7 8. Ngf3 O-O 9. h3 Nd7 10. O-O e5 11. dxe5 Ndxe5 12. Nxe5 Nxe5 13.
Bxe5 Bxe5 14. Nf3 Bg7 15. Bc2 Be6 16. Nd4 Bxd4 17. Qxd4 Qb6 18. Qxb6 axb6 19. Bb3 Rfd8 20. Rfd1 Rd7 21.
Rd4 Rad8 22. Rad1 Kf8 23. h4 h5 24. f3 Ke7 25. Kf2 Rd6 26. Ke3 Kf6 27. Kf4 R6d7 28. g4 hxg4 29. fxg4 Kg7 30.
Re1 Rd6 31. Ba4 f6 32. Red1 Kf7 33. a3 Rh8 34. Kg3 Rhd8 35. Bb3 Ke7 36. Ba2 Bf7 37. Bb1 Re6 38. Kf3 Re5 39. Rb4 Rd6 40.
Rbd4 Rde6 41. Ba2 Re3+ 42. Kf4 R6e4+ 43. Rxe4+ Rxe4+ 44. Kf3 Kd6 45. c4 f5 46. gxf5 gxf5 47. Kg3 d4 48.
c5+ Ke7 49. Bxf7 Kxf7 50. cxb6 Re3+ 51. Kf4 Rb3 52. Rxd4 Rxb2 53. Rd7+ Kg6 54. Rxb7 Rb3 55. h5+ Kxh5 56. Kxf5 Rf3+ 57. Ke6 Rxa3 58. Kd6 Rc3 59. Rc7 1-0

[Event "The Schackveckan 2023: Göteborg open"]
[Site "Göteborgs schackcentrum, Vegagatan 20, Gothenburg, Sweden"]
[Date "2023.08.12"]
[Round "6.5"]
[White "Granath, Jonas"]
[Black "Eriksson, Kristian"]
[Result "1/2-1/2"]
[TimeControl "15 minutes + 5 seconds per move from move one (Round 1 - 4) / 90 minutes + 30 seconds per move from move one (Round 5 - 8)"]
[WhiteFideId "1761013"]
[BlackFideId "1705172"]
[WhiteElo "1896"]
[BlackElo "2057"]

1. e4 e5 2. Nf3 Nc6 3. Bc4 Nf6 4. d4 exd4 5. O-O Nxe4 6. Re1 d5 7. Bxd5 Qxd5 8. Nc3 Qa5 9. Nxe4 Be6 10.
Neg5 O-O-O 11. Nxe6 fxe6 12. Rxe6 Bd6 13. Bg5 Rdf8 14. Qe2 h6 15. Bh4 g5 16. Bg3 Bxg3 17. hxg3 Rd8 18. Ne5 Nxe5 19.
Rxe5 Qb6 20. b3 Kb8 21. Re1 a6 22. Re6 Qa5 23. a4 Qb4 24. Qd3 Rd6 25. Re8+ Rxe8 26. Rxe8+ Ka7 27. Re4 1/2-1/2

[Event "The Schackveckan 2023: Göteborg open"]
[Site "Göteborgs schackcentrum, Vegagatan 20, Gothenburg, Sweden"]
[Date "2023.08.12"]
[Round "6.6"]
[White "Wengholm, Anders"]
[Black "Yang, Mandi"]
[Result "1/2-1/2"]
[TimeControl "15 minutes + 5 seconds per move from move one (Round 1 - 4) / 90 minutes + 30 seconds per move from move one (Round 5 - 8)"]
[WhiteFideId "1704818"]
[BlackFideId "1774778"]
[WhiteElo "2155"]
[BlackElo "1457"]

1. Nf3 c5 2. c4 Nc6 3. Nc3 Nf6 4. g3 g6 5. Bg2 Bg7 6. d4 cxd4 7. Nxd4 Nxd4 8. Qxd4 d6 9. O-O O-O 10.
Qd3 Bf5 11. e4 Be6 12. Bd2 Rc8 13. b3 Nd7 14. Rac1 Nc5 15. Qe2 a6 16. Nd5 Bxd5 17. exd5 Qd7 18. h4 b5 19. h5 bxc4 20.
Rxc4 Qb7 21. Rfc1 Bf6 22. Ba5 Qb5 23. b4 Nb7 24. Bf1 1/2-1/2

[Event "The Schackveckan 2023: Göteborg open"]
[Site "Göteborgs schackcentrum, Vegagatan 20, Gothenburg, Sweden"]
[Date "2023.08.12"]
[Round "6.7"]
[White "Granath, Andreas"]
[Black "Wesslen, Ulf"]
[Result "0-1"]
[TimeControl "15 minutes + 5 seconds per move from move one (Round 1 - 4) / 90 minutes + 30 seconds per move from move one (Round 5 - 8)"]
[WhiteFideId "1743333"]
[BlackFideId "1705199"]
[WhiteElo "1673"]
[BlackElo "1916"]

1. d4 Nf6 2. c4 c5 3. d5 b5 4. cxb5 a6 5. bxa6 g6 6. Nc3 Bxa6 7. e4 Bxf1 8. Kxf1 d6 9. g3 Bg7 10.
Nf3 O-O 11. Kg2 Nbd7 12. h3 Qa5 13. a4 Rfb8 14. Ra3 Nb6 15. Qe2 Nfd7 16. Bd2 Qb4 17. Rb1 Qc4 18. Qe1 Qa6 19. b3 Nc8 20.
Qe2 Qb7 21. Nb5 Na7 22. Nxa7 Rxa7 23. b4 Qa8 24. b5 Rxa4 25. Rxa4 Qxa4 26. Qd3 Nb6 27. Qe2 Qa2 28. Qd1 c4 29.
Be3 Na4 30. Bd4 Bxd4 31. Nxd4 Nc3 32. Ra1 Qb2 33. Qc1 Qxc1 34. Rxc1 Nxe4 35. Rxc4 Rb7 36. Rb4 Nf6 37. Rb2 Nxd5 38.
Nc6 Kf8 39. Na5 Rb8 40. Nc6 Rb6 41. Nd4 Ke8 42. g4 Kd7 43. Kf3 Nc7 44. Rd2 Nxb5 45. Ke3 Nxd4 46. Kxd4 Rb3 0-1

[Event "The Schackveckan 2023: Göteborg open"]
[Site "Göteborgs schackcentrum, Vegagatan 20, Gothenburg, Sweden"]
[Date "2023.08.12"]
[Round "6.8"]
[White "Westlund, Tim"]
[Black "Buzleta, Patrik"]
[Result "1-0"]
[TimeControl "15 minutes + 5 seconds per move from move one (Round 1 - 4) / 90 minutes + 30 seconds per move from move one (Round 5 - 8)"]
[WhiteFideId "1754718"]
[BlackFideId "1755463"]
[WhiteElo "1861"]
[BlackElo "1604"]

1. e4 e6 2. d4 d6 3. Nf3 h6 4.
Bd3 a6 5. O-O g6 6. c4 Bg7 7. Nc3 Nd7 8. Re1 Qe7 9. e5 dxe5 10. dxe5 g5 11. h3 Qd8 12. a3 Ne7 13. b4 Nc6 14.
Bb2 O-O 15. Nb1 f5 16. exf6 Nxf6 17. Qc2 Qe7 18. Nbd2 g4 19. hxg4 Nxg4 20. Be4 e5 21. Bd5+ Kh8 22. Nf1 Bf5 23.
Be4 Bxe4 24. Qxe4 Rf4 25. Qg6 Raf8 26. Ng3 R8f6 27. Qd3 Qf7 28. Qd5 Qf8 29. Nh5 Rd6 30. Nxf4 Qxf4 31. Qe4 Qf7 32.
Qxg4 Rg6 33. Qc8+ Kh7 34. Qh3 e4 35. Bxg7 exf3 36. g3 Qxg7 37. Rad1 Rg4 38. Re6 Nd4 39. Rxd4 Rxd4 40. Qf5+ 1-0

[Event "The Schackveckan 2023: Göteborg open"]
[Site "Göteborgs schackcentrum, Vegagatan 20, Gothenburg, Sweden"]
[Date "2023.08.12"]
[Round "6.9"]
[White "Andersson, Stig"]
[Black "Johansson, William"]
[Result "0-1"]
[TimeControl "15 minutes + 5 seconds per move from move one (Round 1 - 4) / 90 minutes + 30 seconds per move from move one (Round 5 - 8)"]
[WhiteFideId "1731971"]
[BlackFideId "1744070"]
[WhiteElo "1811"]
[BlackElo "2052"]

1. e4 c6 2. d4 d5 3. e5 Bf5 4. Nf3 e6 5. Be2 c5 6. O-O Nc6 7. c3 Nge7 8. Bg5 Qb6 9. Na3 a6 10.
Qa4 Rc8 11. dxc5 Qxb2 12. Rfe1 h6 13. Be3 g5 14. Nd4 Bg7 15. Rad1 O-O 16. Nac2 Qxc3 17. Bd3 Bxd3 18. Rxd3 Qxd3 0-1

[Event "The Schackveckan 2023: Göteborg open"]
[Site "Göteborgs schackcentrum, Vegagatan 20, Gothenburg, Sweden"]
[Date "2023.08.12"]
[Round "6.10"]
[White "Lindholm, Marcus"]
[Black "Harila, Per"]
[Result "0-1"]
[TimeControl "15 minutes + 5 seconds per move from move one (Round 1 - 4) / 90 minutes + 30 seconds per move from move one (Round 5 - 8)"]
[WhiteFideId "1743473"]
[BlackFideId "1707248"]
[WhiteElo "1708"]
[BlackElo "2016"]

1. d4 e6 2. c4 f5 3. g3 Nf6 4. Nc3 d5 5. Bg2 c6 6. cxd5 exd5 7. Nf3 Bd6 8. Ne5 O-O 9. e3 Ne4 10.
O-O Nd7 11. Nd3 Ndf6 12. f3 Nxc3 13. bxc3 b6 14. a4 Ba6 15. Re1 Qe7 16. Bf1 Bc4 17. Nb2 Bxf1 18. Kxf1 Qf7 19. Nd3 Rae8 20.
Ba3 Bxa3 21. Rxa3 Re6 22. Ne5 Qe7 23. Qb3 Nd7 24. Nxd7 Qxd7 25. Ra2 Kh8 26. c4 Rfe8 27. f4 h6 28.
cxd5 cxd5 29. h4 Rc8 30. Qb5 Rec6 31. Kf2 Qe6 32. a5 Qe4 33. axb6 axb6 34. Rae2 Kh7 35. Qb1 Rc2 36. Qxb6 Rxe2+ 37. Rxe2 Rc1 38. Re1 Qc2+ 39. Kf1 Qd3+ 40. Kf2 Qd2+ 41. Re2 Qd1 42. e4 Qg1+ 0-1

[Event "The Schackveckan 2023: Göteborg open"]
[Site "Göteborgs schackcentrum, Vegagatan 20, Gothenburg, Sweden"]
[Date "2023.08.12"]
[Round "6.11"]
[White "Ottgard, Andreas"]
[Black "Mohammed, Safian Haj"]
[Result "1-0"]
[TimeControl "15 minutes + 5 seconds per move from move one (Round 1 - 4) / 90 minutes + 30 seconds per move from move one (Round 5 - 8)"]
[WhiteFideId "1730592"]
[BlackFideId "1729276"]
[WhiteElo "1874"]
[BlackElo "1862"]

1. c4 Nf6 2. g3 d5 3. Bg2 c6 4. Nf3 Nbd7 5. O-O e5 6. d4 e4 7. Nfd2 Be7 8. Nc3 O-O 9. f3 exf3 10.
Bxf3 Nb6 11. b3 Bh3 12. Re1 c5 13. e3 Re8 14. Bb2 Be6 15. cxd5 Nbxd5 16. Nxd5 Bxd5 17. e4 Bc6 18. d5 Bb5 19.
Nc4 Ba6 20. e5 Nd7 21. d6 Bg5 22. Bd5 Nb6 23. Nxb6 axb6 24. Qf3 Qd7 25. Qh5 Bd2 26. Re4 Bd3 27. Qf3 Bxe4 28. Qxe4 Rab8 29.
Rf1 Rf8 30. a4 b5 31. Qe2 Bh6 32. axb5 Rbe8 33. Qc4 Be3+ 34. Kg2 Ra8 35. b4 Rac8 36. Qe4 Bh6 37. Bxb7 Rb8 38. Bc6 Qa7 39.
bxc5 Qxc5 40. Bd4 Qa3 41. b6 f5 42. Qd5+ Kh8 43. e6 f4 44. e7 f3+ 45. Rxf3 Rxf3 46. Qxf3 Qa2+ 1-0

[Event "The Schackveckan 2023: Göteborg open"]
[Site "Göteborgs schackcentrum, Vegagatan 20, Gothenburg, Sweden"]
[Date "2023.08.12"]
[Round "6.12"]
[White "Wennerlund, Elias"]
[Black "Johansson, Roy"]
[Result "0-1"]
[TimeControl "15 minutes + 5 seconds per move from move one (Round 1 - 4) / 90 minutes + 30 seconds per move from move one (Round 5 - 8)"]
[WhiteFideId "1742353"]
[BlackFideId "1745972"]
[WhiteElo "1710"]
[BlackElo "1890"]

1. e4 e6 2. Nf3 d5 3. Nc3 d4 4. Ne2 c5 5. c3 Nc6 6. cxd4 cxd4 7. Qa4 Bc5 8. b4 Bb6 9. b5 Nce7 10.
Nexd4 Nf6 11. d3 e5 12. Nc2 Qc7 13. Bb2 Ng4 14. Ne3 Nxe3 15. fxe3 Ng6 16. Rc1 Qd8 17. Nxe5 Nxe5 18. Bxe5 O-O 19.
Bd4 Qg5 20. Kd2 Be6 21. h4 Qg3 22. Be2 Rfd8 23. Bc5 Qe5 24. Bb4 Qxe4 25. d4 Bxd4 0-1

[Event "The Schackveckan 2023: Göteborg open"]
[Site "Göteborgs schackcentrum, Vegagatan 20, Gothenburg, Sweden"]
[Date "2023.08.12"]
[Round "6.13"]
[White "Thern, Alfred"]
[Black "Havner, Arvid"]
[Result "1-0"]
[TimeControl "15 minutes + 5 seconds per move from move one (Round 1 - 4) / 90 minutes + 30 seconds per move from move one (Round 5 - 8)"]
[WhiteFideId "1775227"]
[BlackFideId "1769308"]
[WhiteElo "1643"]
[BlackElo "1825"]

1. d4 Nf6 2. Bf4 d5 3. e3 c5 4. Nf3 Nc6 5. Nbd2 Bf5 6. Be2 e6 7. Nh4 Bg6 8. Nxg6 hxg6 9. c3 cxd4 10.
exd4 Bd6 11. Bxd6 Qxd6 12. Nf3 a6 13. g3 Ke7 14. O-O Ne4 15. Re1 b5 16. Bd3 Nf6 17. Ne5 Rh5 18. f4 Rah8 19.
h4 Nd7 20. Qf3 Ndxe5 21. fxe5 Qd7 22. Rf1 Nd8 23. a4 g5 24. axb5 axb5 25. Ra5 Kf8 26. Bxb5 Qb7 27. Rfa1 gxh4 28.
g4 R5h7 29. Ra8 Qxb5 30. Rxd8+ Ke7 31. Rxh8 1-0

[Event "The Schackveckan 2023: Göteborg open"]
[Site "Göteborgs schackcentrum, Vegagatan 20, Gothenburg, Sweden"]
[Date "2023.08.12"]
[Round "6.14"]
[White "Kosmidis, Thomas"]
[Black "Johansson, Jan"]
[Result "1-0"]
[TimeControl "15 minutes + 5 seconds per move from move one (Round 1 - 4) / 90 minutes + 30 seconds per move from move one (Round 5 - 8)"]
[WhiteFideId "1753380"]
[BlackFideId "1747568"]
[WhiteElo "1721"]
[BlackElo "1694"]

1. d4 Nf6 2. c4 e6 3. Nc3 Bb4 4. Qc2 d5 5. cxd5 exd5 6. Bg5 h6 7. Bh4 O-O 8. e3 Nbd7 9. Nf3 Re8 10.
Be2 c6 11. O-O g5 12. Bg3 Nh5 13. a3 Nxg3 14. hxg3 Bd6 15. b4 Nf6 16. Nd2 Qe7 17. Nd1 a5 18. b5 Bxa3 19. bxc6 bxc6 20.
Bd3 Ba6 21. Bxa6 Rxa6 22. Qd3 Bb4 23. Qxa6 Bxd2 24. Qxc6 Rd8 25. Qc2 Bb4 26. Nb2 Ne4 27. Qd3 g4 28. Na4 h5 29. Rfc1 h4 30.
Nc5 Bxc5 31. dxc5 hxg3 32. fxg3 Nxg3 33. c6 Qh4 34. c7 Rc8 35. Rab1 Qh1+ 36. Kf2 Qh4 37. Rb8 Ne4+ 38. Ke2 Qf2+ 39.
Kd1 Qf5 40. Rxc8+ Qxc8 41. Qxd5 1-0

[Event "The Schackveckan 2023: Göteborg open"]
[Site "Göteborgs schackcentrum, Vegagatan 20, Gothenburg, Sweden"]
[Date "2023.08.12"]
[Round "6.15"]
[White "Al Saab, Ranny"]
[Black "Torres, Lucas"]
[Result "1/2-1/2"]
[TimeControl "15 minutes + 5 seconds per move from move one (Round 1 - 4) / 90 minutes + 30 seconds per move from move one (Round 5 - 8)"]
[WhiteFideId "1768360"]
[BlackFideId "1769464"]
[WhiteElo "1598"]
[BlackElo "1501"]

1. e4 e6 2. d4 d5 3. exd5 exd5 4.
c3 Nf6 5. Nf3 Nc6 6. Bf4 Bd6 7. Bxd6 Qxd6 8. Be2 Bf5 9. Nbd2 O-O 10. O-O Rfe8 11. Re1 Re7 12. Bb5 Rxe1+ 13. Qxe1 Re8 14.
Qd1 a6 15. Ba4 b5 16. Bc2 Ne4 17. Nxe4 dxe4 18. Nd2 Qg6 19. Qf1 Ne7 20. a4 Nd5 21. axb5 axb5 22. Qxb5 c6 23. Qb7 Nf4 24.
g3 e3 25. Ra8 exf2+ 26. Kxf2 Nh3+ 27. Kg2 Rf8 28. Qb8 Nf4+ 29. Qxf4 Rxa8 30. Qxf5 Qh6 31. Nf3 g6 32. Qe4 Rc8 33.
Bb3 Rb8 34. Qc2 Qe3 35. Ne5 Rb7 36. Bxf7+ Kg7 37. Bb3 Rxb3 38. Nc4 Qe6 39. Qxb3 Qe2+ 1/2-1/2

[Event "The Schackveckan 2023: Göteborg open"]
[Site "Göteborgs schackcentrum, Vegagatan 20, Gothenburg, Sweden"]
[Date "2023.08.12"]
[Round "6.16"]
[White "Eldh, Hjalmar"]
[Black "Svensson, Leif"]
[Result "1/2-1/2"]
[TimeControl "15 minutes + 5 seconds per move from move one (Round 1 - 4) / 90 minutes + 30 seconds per move from move one (Round 5 - 8)"]
[WhiteFideId "1767968"]
[BlackFideId "1702459"]
[WhiteElo "1738"]
[BlackElo "2038"]

1. e4 Nf6 2. e5 Nd5 3. d4 d6 4. Nf3 g6 5. Bc4 e6 6. Nc3 Nxc3 7. bxc3 Bg7 8. Bg5 Qd7 9. Bf6 Bxf6 10.
exf6 Qd8 11. d5 Qxf6 12. O-O Qxc3 13. Bb5+ c6 14. dxe6 Bxe6 15. Qxd6 cxb5 16. Nd4 Nd7 17. Nxe6 fxe6 18. Qxe6+ Kd8 19. Rad1 Qg7 20.
Rfe1 Rc8 21. Rxd7+ Qxd7 22. Qf6+ Kc7 23. Re7 Rhe8 24. Rxd7+ Kxd7 25. Qf7+ Re7 26. Qd5+ Kc7 27. h4 a6 28. c4 bxc4 29. Qxc4+ Kb8 30.
Qd4 Re1+ 31. Kh2 Re2 32. Qd6+ Ka8 33. Qd7 Rc6 34. a4 h5 35. a5 Rcc2 36. Qd8+ Ka7 37. Qb6+ Ka8 38. Qd8+ Ka7 39.
Qb6+ Ka8 40. Qd8+ 1/2-1/2

[Event "The Schackveckan 2023: Göteborg open"]
[Site "Göteborgs schackcentrum, Vegagatan 20, Gothenburg, Sweden"]
[Date "2023.08.12"]
[Round "6.17"]
[White "Pintaric, Felix"]
[Black "Lindhe Nilsson, Filip"]
[Result "1-0"]
[TimeControl "15 minutes + 5 seconds per move from move one (Round 1 - 4) / 90 minutes + 30 seconds per move from move one (Round 5 - 8)"]
[WhiteFideId "1776096"]
[BlackFideId "1779826"]
[WhiteElo "1483"]
[BlackElo "1818"]

1. e4 c6 2. d4 d5 3. exd5 cxd5 4. Bd3 Nc6 5. c3 Nf6 6. Bf4 Bg4 7. Qb3 Qd7 8. Nd2 a6 9. Ngf3 e6 10.
O-O Be7 11. h3 Bh5 12. Ne5 Nxe5 13. dxe5 Ng8 14. c4 d4 15. Rfe1 Nh6 16. Bxh6 gxh6 17. Ne4 Bg6 18. Rac1 Rg8 19.
c5 Qd5 20. Bc4 Qc6 21. Bd3 Bf5 22. Kh2 h5 23. g3 h4 24. Nd6+ Bxd6 25. cxd6 Qf3 26. Bb5+ 1-0

[Event "The Schackveckan 2023: Göteborg open"]
[Site "Göteborgs schackcentrum, Vegagatan 20, Gothenburg, Sweden"]
[Date "2023.08.13"]
[Round "7.1"]
[White "Krantz, Martin"]
[Black "Ustianovich, Nazar"]
[Result "0-1"]
[TimeControl "15 minutes + 5 seconds per move from move one (Round 1 - 4) / 90 minutes + 30 seconds per move from move one (Round 5 - 8)"]
[BlackTitle "FM"]
[WhiteFideId "1724100"]
[BlackFideId "14109778"]
[WhiteElo "2000"]
[BlackElo "2314"]

1. d4 Nf6 2. Bf4 c5 3. d5 Qb6 4. Nc3 d6 5. e4 g6 6. Nf3 Bg4 7. Be2 Bxf3 8. gxf3 Nbd7 9. Qd2 a6 10.
O-O Bg7 11. Rab1 Qc7 12. a4 Rb8 13. Rfe1 O-O 14. Be3 Rfc8 15. Bc4 Ne5 16. Qe2 Qd7 17. Kg2 Nh5 18. a5 f5 19. f4 Nxc4 20.
Qxc4 fxe4 21. Nxe4 Qg4+ 22. Ng3 Rf8 23. h3 Nxf4+ 24. Bxf4 Rxf4 25. hxg4 Rxc4 26. Rxe7 Rxc2 27. b4 c4 28.
b5 axb5 29. Rxb5 Rb2 30. Rxb2 Bxb2 31. Ne2 c3 32. Rc7 Ra8 33. Nxc3 Rxa5 34. Ne4 b6 35. Rc6 Rxd5 36. Rxb6 Be5 37. f4 Rd4 38. Kf3 d5 39. fxe5 Rxe4 40. e6 g5 41.
Rd6 Re5 42. Rd7 h6 43. Kf2 Kf8 44. Kf3 Ke8 45. Kg3 Re3+ 46. Kf2 Re4 47. Kg3 d4 48. Kf3 Re3+ 49. Kf2 Re4 50. Kf3 Rf4+ 51.
Kg3 Kf8 52. Rh7 Re4 53. Kf3 Rxe6 54. Rd7 Re3+ 55. Kf2 Re4 56. Kf3 Rf4+ 57. Kg3 Ke8 58. Rd6 Ke7 59. Rxh6 d3 60. Rh2 Rd4 61.
Rd2 Ke6 62. Kf3 Ke5 0-1

[Event "The Schackveckan 2023: Göteborg open"]
[Site "Göteborgs schackcentrum, Vegagatan 20, Gothenburg, Sweden"]
[Date "2023.08.13"]
[Round "7.2"]
[White "Bengtsson, Siv"]
[Black "Olsson, William"]
[Result "0-1"]
[TimeControl "15 minutes + 5 seconds per move from move one (Round 1 - 4) / 90 minutes + 30 seconds per move from move one (Round 5 - 8)"]
[BlackTitle "FM"]
[WhiteFideId "1701673"]
[BlackFideId "1741721"]
[WhiteElo "2010"]
[BlackElo "2400"]

1. e4 c5 2. Nf3 d6 3. d4 cxd4 4. Nxd4 Nf6 5. Nc3 g6 6. Be3 Bg7 7. f3 O-O 8. Bc4 Nc6 9. Qd2 Bd7 10.
Bb3 Rc8 11. O-O-O Ne5 12. Kb1 Nc4 13.
Bxc4 Rxc4 14. Qd3 Rc8 15. h4 h5 16. Nde2 b5 17. Nf4 b4 18. Ncd5 e6 19. Nxb4 a5 20. Qxd6 axb4 21. Bb6 Qe8 22.
Qxb4 Rb8 23. c4 Bc6 24. Rd6 Nxe4 25. fxe4 Be5 26. c5 Bxf4 27. Rd3 Qe7 28. Qd4 Bh6 29. Re1 Bg7 30. Qd6 Qxh4 31.
g3 Qf6 32. Rd2 Rfc8 33. Qf4 Ra8 34. e5 Qxf4 35. gxf4 Ra4 36. Rf1 Bh6 37. Rdf2 Bb5 38. Rd1 Rxf4 39. Rfd2 h4 40. Rd8+ Rxd8 41.
Bxd8 h3 42. Bf6 Rf1 0-1

[Event "The Schackveckan 2023: Göteborg open"]
[Site "Göteborgs schackcentrum, Vegagatan 20, Gothenburg, Sweden"]
[Date "2023.08.13"]
[Round "7.3"]
[White "Hector, Jonny"]
[Black "Westlund, Tim"]
[Result "1-0"]
[TimeControl "15 minutes + 5 seconds per move from move one (Round 1 - 4) / 90 minutes + 30 seconds per move from move one (Round 5 - 8)"]
[WhiteTitle "GM"]
[WhiteFideId "1700090"]
[BlackFideId "1754718"]
[WhiteElo "2466"]
[BlackElo "1861"]

1. e4 e5 2. Nf3 Nf6 3. Nc3 Nc6 4. d4 exd4 5. Nxd4 Bb4 6. Nxc6 bxc6 7. Bd3 d5 8. exd5 cxd5 9. O-O O-O 10.
h3 c6 11. Qf3 a5 12. Bg5 Be7 13. Ne2 h6 14. Bf4 Re8 15. Rad1 Bf8 16. c4 Bb7 17. cxd5 cxd5 18. Nd4 Qb6 19.
Be3 Qc7 20. Bxh6 gxh6 21. Qxf6 Bg7 22. Qh4 Bc8 23. b3 Qe5 24. Bb5 Rf8 25. Bc6 Ra6 26. Nf3 Qc7 27. Bxd5 Bb7 28. Bxb7 Qxb7 29.
Rfe1 Rg6 30. Qe4 Qc8 31. Rc1 Qb8 32. Nd4 Bxd4 33. Qxd4 Qa8 34. Qe4 Qb8 35. Rc6 Rxc6 36. Qxc6 Qf4 37.
Re4 Qf5 38. Rg4+ Kh7 39. Qe4 Qxe4 40. Rxe4 Rd8 41. Re2 Kg6 42. Rc2 a4 43. Kf1 axb3 44. axb3 Rd1+ 45. Ke2 Rb1 46. Rc3 Rb2+ 47.
Ke3 f5 48. g3 Kg5 49. f4+ Kh5 50. Kd4 Ra2 51. b4 Ra8 52. b5 Ra5 53. Rb3 Ra7 54. b6 Rb7 55. Kc5 Rb8 56. b7 Rd8 57.
b8=Q Rg8 58. g4 1-0

[Event "The Schackveckan 2023: Göteborg open"]
[Site "Göteborgs schackcentrum, Vegagatan 20, Gothenburg, Sweden"]
[Date "2023.08.13"]
[Round "7.4"]
[White "Wesslen, Ulf"]
[Black "Bjorklund, Thomas"]
[Result "1/2-1/2"]
[TimeControl "15 minutes + 5 seconds per move from move one (Round 1 - 4) / 90 minutes + 30 seconds per move from move one (Round 5 - 8)"]
[WhiteFideId "1705199"]
[BlackFideId "1724576"]
[WhiteElo "1916"]
[BlackElo "2139"]

1. Nf3 d5 2. g3 Nf6 3. Bg2 c5 4. O-O g6 5. d3 Bg7 6. Nc3 Nc6 7. Rb1 O-O 8. a3 a5 9. Nb5 e5 10.
c4 dxc4 11. dxc4 Bf5 12. Ra1 e4 13. Nh4 Nd4 14. Nxf5 gxf5 15. Bf4 Nxb5 16. cxb5 Nd5 17. Qc2 Nxf4 18. gxf4 Qc7 19. e3 b6 20.
Rad1 Rad8 21. b3 Qe7 22. Bh3 Qe6 23. Rxd8 Rxd8 24. Rd1 Rd5 25. Qe2 Rxd1+ 26. Qxd1 h6 27. a4 Kh7 28. Kh1 Kg6 29.
Bf1 Qf6 30. Qd5 Qe6 31. Qd1 1/2-1/2